 Dungeon Crawl Stone Soup version 0.30.0-29-ga12c61a403 (webtiles) character file.

Game seed: 11658175248919278049

354 qw the Trooper (level 6, -5/40 HPs)
             Began as a Gargoyle Fighter on June 5, 2023.
             Killed by divine providence
             ... invoked by an orc priest
              (10 damage)
             ... on level 3 of the Dungeon.
             The game lasted 00:01:26 (2126 turns).

qw the Trooper (Gargoyle Fighter)                   Turns: 2126, Time: 00:01:26

Health: -5/40      AC: 17    Str: 18 (21) XL:     6   Next: 63%
Magic:  6/6        EV:  9    Int:  7 (9)  God:
Gold:   97         SH:  3    Dex:  4 (5)  Spells: 5/5 levels left

rFire   . . .        Y - +1 war axe
rCold   + . .        c - +0 buckler
rNeg    + + .        b - +0 scale mail
rPois   inf          (no helmet)
rElec   +            q - +2 cloak
rCorr   +            a - +1 pair of gloves of the Comet {Rampage rN+ rCorr Dex-4}
SInv    .            m - +0 pair of boots
Will    .....        (no amulet) Stlth
                     i - ring of protection from cold
HPRegen 0.26/turn    (no ring)
MPRegen 0.10/turn

%: rampage
@: no status effects
A: sickness immunity, AC +4, negative energy resistance 1, electricity
resistance, torment resistance 1, petrification resistance
a: no special abilities


You were on level 3 of the Dungeon.
You visited 1 branch of the dungeon, and saw 3 of its levels.

You collected 97 gold pieces.


Innate Abilities, Weirdness & Mutations

You are immune to sickness and miasma.
Your stone body is resilient. (AC +4)
You are immune to poison.
You resist negative energy. (rN+)
You are resistant to electric shocks. (rElec)
You are resistant to unholy torment.
You are immune to petrification.


   Skills:
 - Level 5.2 Fighting
 + Level 5.2 Axes
 - Level 3.2 Armour
 - Level 3.2 Shields


You had 5 spell levels left.
You didn't know any spells.
Your spell library was empty.

Inventory:

Hand Weapons
 j - a +0 flail
 Y - a +1 war axe (weapon)
Missiles
 o - 3 boomerangs (quivered)
Armour
 a - the +1 pair of gloves of the Comet (worn) {Rampage rN+ rCorr Dex-4}
   (You acquired it on level 2 of the Dungeon)

   Dex:       It affects your dexterity (-4).
   rN:        It protects you from negative energy.
   rCorr:     It protects you from acid and corrosion.
   Rampage:   It bestows one free step when moving towards enemies.
 b - a +0 scale mail (worn)
 c - a +0 buckler (worn)
 m - a +0 pair of boots (worn)
 q - a +2 cloak (worn)
Jewellery
 i - a ring of protection from cold (left hand)
Potions
 d - a potion of might
 f - a potion of magic
 g - a potion of heal wounds {unknown}
 l - a potion of attraction {unknown}
 r - a potion of mutation {unknown}

Dungeon Overview and Level Annotations

Branches:
Dungeon (3/15)

Altars:


Message History

You closely miss the iguana.
The iguana is almost dead.
The iguana closely misses you. The iguana barely misses you.
You barely miss the iguana.
The iguana is almost dead.
The iguana hisses menacingly.
The iguana bites you!
You hit the iguana.
The iguana is almost dead.
You hit the orc. The orc barely misses you.
The iguana bites you but does no damage.
You barely miss the iguana.
The iguana is almost dead.
You closely miss the orc.
The orc priest calls upon Beogh to heal the orc.
The orc is healed somewhat.
The orc closely misses you. The iguana bites you.
The orc priest calls down the wrath of Beogh upon you.
Beogh smites you! The iguana closely misses you.
The orc hits you but does no damage.
You hit the iguana.
The iguana is almost dead.
You hit the orc. The orc hits you but does no damage.
The iguana bites you but does no damage.
You hit the iguana but do no damage.
The iguana is almost dead.
You hit the orc.
You kill the orc!
The orc priest closely misses you. The iguana barely misses you.
You hit the iguana but do no damage.
The iguana is almost dead.
You block the orc priest's attack. You block the iguana's attack.
The orc priest begins to cast a cantrip, but forgets the words!
You hit the iguana.
You kill the iguana!
The orc priest hits you but does no damage.
The orc priest calls down the wrath of Beogh upon you.
Beogh smites you!
You die...

*,****,,,* ##.#.##.##.#.# *,*
*,..* ##.#.##.#.##)#.
*,******.##* ##.#.##.#.#.##!#
*,**,,,,,..*##.#.##.#%#.#.##.
*,**,***,#.##.#.##.#..##.#[##
*,**,*,,,#..##.#.##.#.(##.#.#
*,**,*,*,#ooo##.#%##.#..##.#.
*,**,*,,,#.o#)##.#.##..#.##.#
*,**,**,,,,#@#.##.#.##:.#.##.
*,**,*,,,,,##.#.##.#.##%.#.##
****,**,*,,,,,*##.#.##.#.#.#.##.
*,~,,,,,,,,~~,* ##.#.##.#.#.##.#
*~~~~,,,~,,~~,* ##.#.##.#.##.#%
*~,~~~~~~~~~,,* ##.#.##.##.#.#
*~,~~~~~~~~~,~* ##.#.###)#.##
*,~~~~~~~~~~~~* ##.#.#.#.##,
*~,~~~*~,~~~~~* ##.#.#.##*,


You could see 2 orc priests and 2 orcs.

Vanquished Creatures
  Sigmund (D:3)
  An iguana (D:3)
  Natasha (thrice) (D:2)
  4 gnolls (D:2)
  An adder (D:3)
  A worm (D:2)
  2 dart slugs (D:1)
  2 orcs (D:3)
  5 ball pythons
  8 endoplasms
  3 giant cockroaches
  4 goblins
  7 hobgoblins
  A jackal (D:3)
  5 quokkas
  4 bats
  4 frilled lizards
  8 kobolds
  3 rats
67 creatures vanquished.

Notes
Turn   | Place    | Note
-------+----------+-------------------------------------------
     0 | D:1      | qw the Gargoyle Fighter began the quest for the Orb.
     0 | D:1      | Reached XP level 1. HP: 14/14 MP: 1/1
     0 | D:1      | 0 ||| qw: Version: 0.2-a-108-gee2c290
     0 | D:1      | 0 ||| qw: Game counter: 1337
     0 | D:1      | 0 ||| qw: Always use a shield: true
     0 | D:1      | 0 ||| qw: God list: Okawaru
     0 | D:1      | 0 ||| qw: Allow faded altars: false
     0 | D:1      | 0 ||| qw: Do Orc after D:15 true
     0 | D:1      | 0 ||| qw: Do second Lair branch before Depths: true
     0 | D:1      | 0 ||| qw: Lair rune preference: random
     0 | D:1      | 0 ||| qw: Plans: Normal, Zot:1-4, Slime:5, God:TSO, Crypt,
                  | Tomb, Abyss, Pan, Hells, Win
     0 | D:1      | 0 ||| PLANNING D:1-11
    76 | D:1      | 76 ||| DROPPING +0 club.
    96 | D:1      | Reached XP level 2. HP: 6/19 MP: 2/2
   466 | D:1      | Reached skill level 3 in Axes
   501 | D:1      | Reached XP level 3. HP: 18/23 MP: 3/3
   544 | D:1      | 544 ||| Stepping ~*~*~tactically~*~*~ (hiding).
   718 | D:1      | 718 ||| READING scroll labelled SAOPOQ NEPPUWO.
   722 | D:1      | 722 ||| READING scroll labelled ADU LILUHY.
   723 | D:1      | 723 ||| READING scroll labelled PARORY ATISM.
   724 | D:1      | 724 ||| DRINKING 2 yellow potions.
   872 | D:2      | 872 ||| Stepping ~*~*~tactically~*~*~ (hiding).
   882 | D:2      | 882 ||| Stepping ~*~*~tactically~*~*~ (stealth).
   883 | D:2      | 883 ||| Stepping ~*~*~tactically~*~*~ (stealth).
   916 | D:2      | 916 ||| Stepping ~*~*~tactically~*~*~ (stealth).
   917 | D:2      | 917 ||| Stepping ~*~*~tactically~*~*~ (stealth).
   918 | D:2      | 918 ||| Stepping ~*~*~tactically~*~*~ (stealth).
   919 | D:2      | 919 ||| Stepping ~*~*~tactically~*~*~ (stealth).
   965 | D:2      | 965 ||| Stepping ~*~*~tactically~*~*~ (hiding).
   980 | D:2      | Reached XP level 4. HP: 13/28 MP: 4/4
  1041 | D:2      | 1041 ||| DROPPING +0 whip.
  1109 | D:2      | Noticed Natasha
  1113 | D:2      | Killed Natasha
  1364 | D:2      | Reached XP level 5. HP: 32/32 MP: 5/5
  1456 | D:2      | Noticed Natasha
  1464 | D:2      | Killed Natasha
  1513 | D:2      | Noticed Natasha
  1520 | D:2      | Killed Natasha
  1745 | D:2      | 1745 ||| UPGRADING to +0 pair of boots.
  1750 | D:2      | 1750 ||| UPGRADING to +2 cloak.
  1755 | D:2      | 1755 ||| UPGRADING to ring of protection from cold.
  1756 | D:2      | 1756 ||| READING scroll labelled UDEIXU IBBEFF.
  1757 | D:2      | 1757 ||| READING scroll labelled UZUTHA FEASEM.
  1858 | D:2      | 1858 ||| READING scroll labelled ZAN GULLUVAWU.
  1859 | D:2      | 1859 ||| READING scroll labelled YLAJ LAUJEA.
  1859 | D:2      | Identified a scroll of acquirement
  1859 | D:2      | 1859 ||| ACQUIRING +1 pair of gloves of the Comet {Rampage
                  | rN+ rCorr Dex-4}
  1859 | D:2      | Acquired the +1 pair of gloves of the Comet {Rampage rN+
                  | rCorr Dex-4}
  1861 | D:2      | 1861 ||| UPGRADING to +1 pair of gloves of the Comet
                  | {Rampage rN+ rCorr Dex-4}.
  1866 | D:2      | 1866 ||| DRINKING 2 fizzy purple potions.
  1879 | D:3      | 1879 ||| PLANNING SEWER
  1895 | D:3      | Noticed Sigmund
  1896 | D:3      | 1896 ||| Stepping ~*~*~tactically~*~*~ (hiding).
  1897 | D:3      | 1897 ||| Stepping ~*~*~tactically~*~*~ (hiding).
  1898 | D:3      | 1898 ||| Stepping ~*~*~tactically~*~*~ (hiding).
  1923 | D:3      | 1923 ||| DRINKING potion of curing.
  1923 | D:3      | 1923 ||| (to cure confusion)
  1944 | D:3      | Killed Sigmund
  1945 | D:3      | Reached XP level 6. HP: 29/40 MP: 6/6
  1994 | D:3      | 1994 ||| DRINKING 2 orange potions.
  1995 | D:3      | 1995 ||| DROPPING potion of degeneration.
  2044 | D:3      | 2044 ||| READING scroll labelled VUB MAPOKKUMN.
  2122 | D:3      | HP: 3/40 [orc priest/divine providence (11)]
  2126 | D:3      | Killed from afar by an orc priest

Levels and vault maps discovered:
D:1:      lemuel_arrival_room, layout_basic
D:2:      layout_basic, corexii_hall_statues_x, minmay_tall_x, uniq_natasha
D:3:      minmay_inner_zag, layout_basic, chequers_ecumenical_altar_island,
          cheibrodos_sewer_entry_sluice, uniq_sigmund

Skill      XL: |  1  2  3  4  5 |
---------------+----------------+-----
Axes           | 2 3 4 5 |  5.2
Fighting       | 5 |  5.2
Armour         | |  3.2
Shields        | |  3.2

Action                     |  1- 3 |  4- 6 || total
---------------------------+-------+-------++-------
  Melee: War axe           |    99 |   131 ||   230
  Throw: Boomerang         |       |    19 ||    19
    Use: Scroll            |     3 |     5 ||     8
         Potion            |     1 |     3 ||     4
 Armour: Scale mail        |    43 |    65 ||   108
  Dodge: Dodged            |    29 |    51 ||    80
  Block: Buckler           |    14 |    21 ||    35

Table legend:
 A = Non-vault XP
 B = Vault XP
 C = Vault XP percentage of total XP
 D = Non-vault monster count
 E = Vault monster count
 F = Vault count percentage of total count
                 A         B        C        D         E       F
            +---------+---------+-------+---------+---------+-------
      Total |     269 |     277 |  50.7 |      55 |      12 |  17.9
            +---------+---------+-------+---------+---------+-------
        D:1 |      50 |       0 |   0.0 |      27 |       0 |   0.0
        D:2 |     154 |      41 |  21.0 |      20 |       5 |  20.0
        D:3 |      65 |     236 |  78.4 |       8 |       7 |  46.7
            +---------+---------+-------+---------+---------+-------
